 Dungeon Sprint DCSS version 0.19-a0-1920-g83281cb (webtiles) character file.

609 poirepourri the Fighter (level 7, -6/85 HPs)
             Began as a Gargoyle Fighter on Oct 23, 2016.
             Was an Initiate of Cheibriados (penitent).
             Mangled by Sonja
             ... wielding a +2 short sword of distortion
              (14 damage)
             ... in the Dungeon (Sprint I: "Red Sonja").
             The game lasted 00:01:14 (633 turns).

poirepourri the Fighter (Gargoyle Fighter)           Turns: 633, Time: 00:01:15

Health: -6/85      AC: 11    Str: 26    XL:     7   Next: 43%
Magic:  7/7        EV:  8    Int:  8    God:    Cheibriados [*]
Gold:   381        SH:  9    Dex: 10    Spells: 0 memorised, 6 levels left

rFire  . . .     SeeInvis .     a - +0 flail
rCold  . . .     Gourm    .     b - +0 scale mail
rNeg   + . .     Faith    .     c - +0 shield
rPois  ∞         Spirit   .     (no helmet)
rElec  +         Reflect  .     (no cloak)
rCorr  .         Harm     .     (no gloves)
MR     .....     NoTele   +     (no boots)
Stlth  ..........               (no amulet)
                                (no ring)
                                (no ring)

@: berserking, slow
A: negative energy resistance 1, electricity resistance, unbreathing,
petrification resistance, rot immunity, AC +4
a: Renounce Religion


You were in the Dungeon.
You worshipped Cheibriados.
Cheibriados was demanding penance.
You were not hungry.

You visited 1 branch You collected 405 gold pieces.
You spent 24 gold pieces at shops.

Inventory:

Hand Weapons
 a - a +0 flail (weapon)
Armour
 b - a +0 scale mail (worn)
 c - a +0 shield (worn)
Scrolls
 d - a scroll of amnesia
 k - a scroll of blinking
Potions
 e - a potion of curing
 h - a potion of haste
 i - 2 potions of magic
Comestibles
 f - a bread ration


   Skills:
 + Level 13.3 Fighting
 + Level 9.6 Maces & Flails
 - Level 3.2 Armour
 + Level 1.6 Dodging
 - Level 3.2 Shields


You had 6 spell levels left.
You didn't know any spells.

Dungeon Overview and Level Annotations

Branches:
Dungeon (1/1)

Altars:
Cheibriados
Dithmenos
Elyvilon
Fedhas
Gozag
Hepliaklqana
Kikubaaqudgha
Makhleb
Nemelex Xobeh
Okawaru
Qazlal
Ru
Sif Muna
Trog
Uskayaw
Vehumet
Xom
Yredelemnul
Zin
The Shining One
Jiyva
Lugonu

Shops:
D ?

Annotations:
D Sonja


Innate Abilities, Weirdness & Mutations

You are resistant to torment.
Your stone body is resilient. (AC +4)
You are immune to poison.
You resist negative energy. (rN+)
You are resistant to electric shocks. (rElec)
You can survive without breathing.
You are immune to petrification.
You are immune to rotting.


Message History

Space bends around you.
* * * LOW HITPOINT WARNING * * *
You feel much better. You block Sonja's attack. x2
Sonja hits you but does no damage.
You closely miss Sonja. You block Sonja's attack.
Sonja hits you with an uncursed short sword of distortion.
Space warps horribly around you!
* * * LOW HITPOINT WARNING * * *
Sonja barely misses you. x2; Sonja hits you but does no damage.
Space warps horribly around you!
* * * LOW HITPOINT WARNING * * *
You block Sonja's attack.
A red film seems to cover your vision as you go berserk!
Cheibriados thinks you should slow down.
You feel very guilty. "You will pay for your transgression, mortal!"
Cheibriados forces you to slow down.
You feel mighty! Sonja hits you but does no damage.
Space warps horribly around you!
You die...

######################
#<.#..').#..'..#__#..+
#..').#..').#..'..'..#
#..#####'#####'#__####
#..####..#...#@####
#..#__####..##K#
#..#_____##'#.(+
#⌠⌠#_.∩...'..(_#
####_..__##_(#'#
#_____###(#(# #######
#(### +$.$+ #$.$#


You could see Sonja.

Vanquished Creatures
  A slime creature (D)
  Sigmund (D)
  A yak (D)
  An ogre (D)
  A jelly (D)
  Ijyb (D)
6 creatures vanquished.

Notes
Turn   | Place    | Note
-------+----------+-------------------------------------------
     0 | D        | poirepourri the Gargoyle Fighter began the quest for the Orb.
     0 | D        | Reached XP level 1. HP: 14/14 MP: 1/1
     2 | D        | Noticed Ijyb
    20 | D        | Killed Ijyb
    20 | D        | Reached skill level 6 in Fighting
    20 | D        | Reached XP level 2. HP: 21/23 MP: 2/2
    20 | D        | Reached XP level 3. HP: 26/28 MP: 3/3
   121 | D        | Noticed an ogre
   124 | D        | Killed an ogre
   124 | D        | Reached skill level 9 in Fighting
   124 | D        | Reached skill level 5 in Maces & Flails
   124 | D        | Reached XP level 4. HP: 27/36 MP: 4/4
   135 | D        | Noticed Sigmund
   142 | D        | Killed Sigmund
   142 | D        | Reached skill level 11 in Fighting
   142 | D        | Reached XP level 5. HP: 16/44 MP: 5/5
   142 | D        | Reached XP level 6. HP: 18/49 MP: 6/6
   342 | D        | Found a deep blue altar of Sif Muna.
   344 | D        | Found a radiant altar of Vehumet.
   421 | D        | Found a burning altar of Makhleb.
   421 | D        | Found a viscous altar of Jiyva.
   421 | D        | Found a shimmering altar of Xom.
   421 | D        | Found a corrupted altar of Lugonu.
   421 | D        | Noticed a slime creature
   431 | D        | Killed a slime creature
   431 | D        | Reached skill level 12 in Fighting
   431 | D        | Reached skill level 1 in Dodging
   431 | D        | Reached XP level 7. HP: 43/56 MP: 7/7
   440 | D        | Found Vuasm's Magic Scroll Emporium.
   440 | D        | Found an ancient bone altar of Kikubaaqudgha.
   440 | D        | Found a hazy altar of Hepliaklqana.
   440 | D        | Found a stormy altar of Qazlal.
   440 | D        | Found a hide-covered altar of Uskayaw.
   440 | D        | Found a blossoming altar of Fedhas.
   440 | D        | Found a bloodstained altar of Trog.
   440 | D        | Found an iron altar of Okawaru.
   440 | D        | Found a basalt altar of Yredelemnul.
   440 | D        | Found a glowing golden altar of the Shining One.
   440 | D        | Found a snail-covered altar of Cheibriados.
   440 | D        | Found a sacrificial altar of Ru.
   440 | D        | Found a glowing silver altar of Zin.
   440 | D        | Found a shadowy altar of Dithmenos.
   440 | D        | Found a white marble altar of Elyvilon.
   440 | D        | Noticed a yak
   452 | D        | Killed a yak
   452 | D        | Reached skill level 13 in Fighting
   453 | D        | Found an opulent altar of Gozag.
   454 | D        | Found a sparkling altar of Nemelex Xobeh.
   460 | D        | Became a worshipper of Cheibriados the Contemplative
   463 | D        | Bought a scroll of identify for 24 gold pieces
   618 | D        | Noticed Sonja
   633 | D        | Was placed under penance by Cheibriados
   633 | D        | Mangled by Sonja

Vault maps used:
D:        dungeon_sprint_1

Skill      XL: |  1  2  3  4  5  6  7 |
---------------+----------------------+-----
Fighting       | 6 9 11 12 13 | 13.3
Maces & Flails | 3 5 7 9 |  9.6
Dodging        | 1 |  1.6
Armour         | |  3.2
Shields        | |  3.2

Action                   |  1- 3 |  4- 6 |  7- 9 || total
-------------------------+-------+-------+-------++-------
Melee: Flail             |    19 |    17 |    17 ||    53
  Use: Potion            |     1 |       |     2 ||     3
       Scroll            |       |       |     1 ||     1
Armor: Scale mail        |     4 |     3 |     9 ||    16
Dodge: Dodged            |     5 |     4 |    10 ||    19
Block: Shield            |    11 |     9 |    14 ||    34
